MLB
HOUSTON ASTROS @ SEATTLE MARINERS
08/30/2046
 
TOP OF THE 1ST
Houston Astros batting - Pitching for Seattle Mariners : LHP Larry Tuckfard
Pitching: LHP Larry Tuckfard
Batting: RHB Chang-wei Jiang 0-0: Foul Ball, location: 2F
0-1: Ball
1-1: Ground out 6-3 (Groundball, 6, EV 88.8 MPH)
Batting: RHB Chris Lane 0-0: Ball
1-0: Foul Ball, location: 2F
1-1: Ball
2-1: Swinging Strike
2-2: Ball
3-2: Ground out U3 (Groundball, 3L, EV 106.9 MPH)
Batting: RHB Jeremy Trump 0-0: SINGLE (Flyball, 8RS, EV 90.0 MPH)
Batting: LHB Shigeru Ono 0-0: Foul Ball, location: 2F
0-1: Ball
1-1: Ball
2-1: Swinging Strike
2-2: Ground out 4-3 (Groundball, 4, EV 105.6 MPH)
Top of the 1st over - 0 runs, 1 hit, 0 errors, 1 left on base; Houston 0 - Seattle 0
BOTTOM OF THE 1ST
Seattle Mariners batting - Pitching for Houston Astros : RHP Bill Dillard
Pitching: RHP Bill Dillard
Batting: LHB Dae-ik Yoon 0-0: Ball
1-0: Ball
2-0: Foul Ball, location: 2F
2-1: Swinging Strike
2-2: Strikes out looking
Batting: SHB Floyd-William Goof 0-0: Ball
1-0: Foul Ball, location: 2F
1-1: Ball
2-1: Called Strike
2-2: Strikes out looking
Batting: LHB Bi-jun Chien 0-0: Called Strike
0-1: Ball
1-1: Foul Ball, location: 2F
1-2: Foul Ball, location: 2F
1-2: Strikes out swinging
Bottom of the 1st over - 0 runs, 0 hits, 0 errors, 0 left on base; Houston 0 - Seattle 0
TOP OF THE 2ND
Houston Astros batting - Pitching for Seattle Mariners : LHP Larry Tuckfard
Batting: RHB Matt Thompson 0-0: Ground out 6-3 (Groundball, 6, EV 95.0 MPH)
Batting: SHB Joe Gardner 0-0: Called Strike
0-1: Swinging Strike
0-2: Foul Ball, location: 2F
0-2: Strikes out swinging
Batting: RHB Antonio Aranda 0-0: Ball
1-0: Foul Ball, location: 2F
1-1: Called Strike
1-2: Strikes out swinging
Top of the 2nd over - 0 runs, 0 hits, 0 errors, 0 left on base; Houston 0 - Seattle 0
BOTTOM OF THE 2ND
Seattle Mariners batting - Pitching for Houston Astros : RHP Bill Dillard
Batting: RHB Bobby Larson 0-0: Ball
1-0: Called Strike
1-1: Foul Ball, location: 2F
1-2: Ground out 6-3 (Groundball, 6S, EV 68.1 MPH)
Batting: RHB Jose Vasquez 0-0: Called Strike
0-1: Ball
1-1: Ground out U3 (Groundball, 34, EV 86.9 MPH)
Batting: RHB Harutomi Matsubara 0-0: Ball
1-0: Called Strike
1-1: Foul Ball, location: 2F
1-2: SINGLE (Flyball, 7S, EV 87.5 MPH)
Batting: RHB Jimmy Hammertime 0-0: Called Strike
0-1: Foul Ball, location: 2F
0-2: Ball
1-2: Strikes out swinging
Bottom of the 2nd over - 0 runs, 1 hit, 0 errors, 1 left on base; Houston 0 - Seattle 0
TOP OF THE 3RD
Houston Astros batting - Pitching for Seattle Mariners : LHP Larry Tuckfard
Batting: LHB Bryce Hill 0-0: Called Strike
0-1: Ball
1-1: Foul Ball, location: 2F
1-2: Ball
2-2: Ball
3-2: Base on Balls
Batting: LHB Jim Keefe 0-0: Ball
1-0: SINGLE (Groundball, 34D, EV 104.4 MPH)
Bryce Hill to second
Runner from 2nd tries for 3rd, OUT! 9-5
Batting: RHB Chang-wei Jiang 0-0: Ball
1-0: Swinging Strike
1-1: Ball
2-1: Swinging Strike
2-2: Strikes out swinging
Batting: RHB Chris Lane 0-0: Ball
1-0: Foul Ball, location: 2F
1-1: Ball
2-1: Ball
3-1: Base on Balls
Jim Keefe to second
Batting: RHB Jeremy Trump 0-0: Ball
1-0: Ball
2-0: Called Strike
2-1: Ball
3-1: Base on Balls
Jim Keefe to third
Chris Lane to second
Batting: LHB Shigeru Ono 0-0: Ground out 4-3 (Groundball, 4, EV 103.1 MPH)
Top of the 3rd over - 0 runs, 1 hit, 0 errors, 3 left on base; Houston 0 - Seattle 0
BOTTOM OF THE 3RD
Seattle Mariners batting - Pitching for Houston Astros : RHP Bill Dillard
Batting: RHB Corey Ottinger 0-0: Ball
1-0: Foul Ball, location: 2F
1-1: Ball
2-1: Foul Ball, location: 2F
2-2: Ground out 6-3 (Groundball, 6, EV 83.1 MPH)
Batting: RHB Young-kwang Ohnn 0-0: Called Strike
0-1: Foul Ball, location: 2F
0-2: Strikes out looking
Batting: LHB Dae-ik Yoon 0-0: Called Strike
0-1: Ball
1-1: Foul Ball, location: 2F
1-2: Ground out 6-3 (Groundball, 6S, EV 85.6 MPH)
Bottom of the 3rd over - 0 runs, 0 hits, 0 errors, 0 left on base; Houston 0 - Seattle 0
TOP OF THE 4TH
Houston Astros batting - Pitching for Seattle Mariners : LHP Larry Tuckfard
Batting: RHB Matt Thompson 0-0: Ground out 5-3 (Groundball, 56S, EV 70.0 MPH)
Batting: SHB Joe Gardner 0-0: Ball
1-0: Foul Ball, location: 2F
1-1: Foul Ball, location: 2F
1-2: Foul Ball, location: 2F
1-2: Foul Ball, location: 2F
1-2: Foul Ball, location: 2F
1-2: Ball
2-2: Ball
3-2: Base on Balls
Batting: RHB Antonio Aranda 0-0: Ball
1-0: Called Strike
1-1: Swinging Strike
1-2: Ball
2-2: Strikes out swinging
Batting: LHB Bryce Hill 0-0: Fly out, F9 (Flyball, 9D, EV 75.6 MPH)
Top of the 4th over - 0 runs, 0 hits, 0 errors, 1 left on base; Houston 0 - Seattle 0
BOTTOM OF THE 4TH
Seattle Mariners batting - Pitching for Houston Astros : RHP Bill Dillard
Batting: SHB Floyd-William Goof 0-0: Swinging Strike
0-1: Ball
1-1: Swinging Strike
1-2: Ball
2-2: Strikes out swinging
Batting: LHB Bi-jun Chien 0-0: Ball
1-0: Ball
2-0: Ball
3-0: Base on Balls
Batting: RHB Bobby Larson 0-0: Called Strike
0-1: Grounds into double play, 5-4-3 (Groundball, 5L, EV 85.6 MPH)
Bottom of the 4th over - 0 runs, 0 hits, 0 errors, 0 left on base; Houston 0 - Seattle 0
TOP OF THE 5TH
Houston Astros batting - Pitching for Seattle Mariners : LHP Larry Tuckfard
Batting: LHB Jim Keefe 0-0: Fly out, F7 (Line Drive, 78M, EV 103.1 MPH)
Batting: RHB Chang-wei Jiang 0-0: Ball
1-0: Ball
2-0: Ball
3-0: Foul Ball, location: 2F
3-1: SINGLE (Groundball, 4MD, EV 100.0 MPH)
Batting: RHB Chris Lane 0-0: Swinging Strike
0-1: Ball
1-1: Ball
2-1: Ball
3-1: Called Strike
3-2: DOUBLE (Line Drive, 5D, EV 98.1 MPH)
Chang-wei Jiang to third
Batting: RHB Jeremy Trump 0-0: Ball
1-0: Ball
2-0: Called Strike
2-1: Foul Ball, location: 2F
2-2: Ball
3-2: Strikes out swinging
Batting: LHB Shigeru Ono 0-0: Called Strike
0-1: Fly out, F5 (Popup, 25F, EV 85.0 MPH)
Top of the 5th over - 0 runs, 2 hits, 0 errors, 2 left on base; Houston 0 - Seattle 0
BOTTOM OF THE 5TH
Seattle Mariners batting - Pitching for Houston Astros : RHP Bill Dillard
Batting: RHB Jose Vasquez 0-0: Called Strike
0-1: Ball
1-1: DOUBLE (Line Drive, 78M, EV 85.0 MPH)
Batting: RHB Harutomi Matsubara 0-0: Ball
1-0: Ball
2-0: Ground out 6-3 (Groundball, 6S, EV 85.0 MPH)
Jose Vasquez to third
Batting: RHB Jimmy Hammertime 0-0: Called Strike
0-1: Ball
1-1: Ball
2-1: SINGLE (Groundball, 56D, EV 101.2 MPH)
Jose Vasquez scores
Batting: RHB Corey Ottinger 0-0: Fly out, F8 (Line Drive, 8LM, EV 90.6 MPH)
Batting: RHB Young-kwang Ohnn 0-0: Ball
1-0: Ball
2-0: Called Strike
2-1: Ball
3-1: Ground out 5-3 (Groundball, 5S, EV 66.2 MPH)
Bottom of the 5th over - 1 run, 2 hits, 0 errors, 1 left on base; Houston 0 - Seattle 1
TOP OF THE 6TH
Houston Astros batting - Pitching for Seattle Mariners : LHP Larry Tuckfard
Batting: RHB Matt Thompson 0-0: Ball
1-0: DOUBLE (Line Drive, 78D, EV 109.4 MPH)
Batting: SHB Joe Gardner 0-0: DOUBLE (Flyball, 8RXD, EV 96.2 MPH)
Matt Thompson scores
Batting: RHB Antonio Aranda 0-0: Called Strike
0-1: Foul Ball, location: 2F
0-2: Strikes out swinging
Batting: LHB Bryce Hill 0-0: Called Strike
0-1: Foul Ball, location: 2F
0-2: Strikes out swinging
Batting: LHB Jim Keefe 0-0: Ball
1-0: Foul Ball, location: 2F
1-1: Swinging Strike
1-2: Ball
2-2: Foul Ball, location: 2F
2-2: Strikes out swinging
Top of the 6th over - 1 run, 2 hits, 0 errors, 1 left on base; Houston 1 - Seattle 1
BOTTOM OF THE 6TH
Seattle Mariners batting - Pitching for Houston Astros : RHP Bill Dillard
Batting: LHB Dae-ik Yoon 0-0: Ball
1-0: Ball
2-0: Ball
3-0: Base on Balls
Batting: SHB Floyd-William Goof 0-0: Foul Ball, location: 2F
0-1: Ball
1-1: Foul Ball, location: 2F
1-2: Strikes out swinging
Batting: LHB Bi-jun Chien 0-0: Swinging Strike
0-1: Foul Ball, location: 2F
0-2: Foul Ball, location: 2F
0-2: Strikes out swinging
Batting: RHB Bobby Larson 0-0: Ball
1-0: Fielders Choice at 2nd, 6-4 (Groundball, 56, EV 83.1 MPH)
Bottom of the 6th over - 0 runs, 0 hits, 0 errors, 1 left on base; Houston 1 - Seattle 1
TOP OF THE 7TH
Houston Astros batting - Pitching for Seattle Mariners : LHP Larry Tuckfard
Batting: RHB Chang-wei Jiang 0-0: Called Strike
0-1: Ball
1-1: SINGLE (Groundball, 6MD, EV 100.0 MPH)
Batting: RHB Chris Lane 0-0: Ball
1-0: Called Strike
1-1: SINGLE (Line Drive, 89S, EV 91.9 MPH)
Chang-wei Jiang to second
Runner from 2nd tries for 3rd, SAFE, throw by RF made to third
Pitching: LHP Lance Crumpton
Batting: RHB Jeremy Trump 0-0: Ball
1-0: Foul Ball, location: 2F
1-1: Ball
2-1: Fly out, F8 (Flyball, 8RS, EV 94.4 MPH)
Batting: RHB Josh Froyd 0-0: Foul Ball, location: 2F
0-1: Ball
1-1: Foul Ball, location: 2F
1-2: Ball
2-2: Ball
3-2: Foul Ball, location: 2F
3-2: Fly out, F7 (Flyball, 7LD, EV 87.5 MPH)
Runner from 3rd tags up, OUT at HOME! 7-2
Top of the 7th over - 0 runs, 2 hits, 0 errors, 1 left on base; Houston 1 - Seattle 1
BOTTOM OF THE 7TH
Seattle Mariners batting - Pitching for Houston Astros : RHP Bill Dillard
Batting: RHB Jose Vasquez 0-0: Ball
1-0: Foul Ball, location: 2F
1-1: Called Strike
1-2: Ground out 4-3 (Groundball, 34, EV 97.5 MPH)
Batting: RHB Harutomi Matsubara 0-0: Ground out 5-3 (Groundball, 56, EV 86.2 MPH)
Batting: RHB Jimmy Hammertime 0-0: Called Strike
0-1: Foul Ball, location: 2F
0-2: Strikes out swinging
Bottom of the 7th over - 0 runs, 0 hits, 0 errors, 0 left on base; Houston 1 - Seattle 1
TOP OF THE 8TH
Houston Astros batting - Pitching for Seattle Mariners : LHP Lance Crumpton
Batting: RHB Matt Thompson 0-0: Called Strike
0-1: Ball
1-1: Ball
2-1: Ball
3-1: Base on Balls
Batting: SHB Joe Gardner 0-0: Swinging Strike
0-1: Ball
Pickoff Throw by Catcher to First - Out!
1-1: Ball
2-1: SINGLE (Groundball, 56S, EV 68.8 MPH) (infield hit)
Batting: RHB Antonio Aranda 0-0: Ball
1-0: Called Strike
1-1: Ball
2-1: Called Strike
2-2: Foul Ball, location: 2F
2-2: Strikes out looking
Batting: LHB Bryce Hill 0-0: Called Strike
0-1: Ball
1-1: Ball
2-1: Foul Ball, location: 2F
2-2: Ball
3-2: Base on Balls
Joe Gardner to second
Batting: LHB Jim Keefe 0-0: Ball
1-0: Ball
2-0: Called Strike
2-1: Foul Ball, location: 2F
2-2: Ball
3-2: Ground out U3 (Groundball, 3, EV 98.8 MPH)
Top of the 8th over - 0 runs, 1 hit, 0 errors, 2 left on base; Houston 1 - Seattle 1
BOTTOM OF THE 8TH
Seattle Mariners batting - Pitching for Houston Astros : RHP Bill Dillard
Batting: RHB Corey Ottinger 0-0: Ball
1-0: Called Strike
1-1: Ground out 5-3 (Groundball, 5, EV 87.5 MPH)
Batting: RHB Young-kwang Ohnn 0-0: Ground out 6-3 (Groundball, 6, EV 106.2 MPH)
Batting: LHB Dae-ik Yoon 0-0: Foul Ball, location: 2F
0-1: Called Strike
0-2: SINGLE (Line Drive, 89M, EV 110.6 MPH)
Batting: SHB Floyd-William Goof 0-0: Called Strike
0-1: Foul Ball, location: 2F
0-2: Ball
1-2: Ball
2-2: SINGLE (Flyball, 5D, EV 93.1 MPH)
Dae-ik Yoon to second
Pitching: RHP Seth Bowersox
Batting: LHB Bi-jun Chien 0-0: Called Strike
0-1: Swinging Strike
0-2: Strikes out swinging
Bottom of the 8th over - 0 runs, 2 hits, 0 errors, 2 left on base; Houston 1 - Seattle 1
TOP OF THE 9TH
Houston Astros batting - Pitching for Seattle Mariners : LHP Lance Crumpton
Pitching: RHP David Sly
Pinch Hitting: LHB Chris Cabrera 0-0: Ball
1-0: Called Strike
1-1: Swinging Strike
1-2: Ground out 5-3 (Groundball, 15, EV 87.5 MPH)
Batting: RHB Chris Lane 0-0: Ball
1-0: Called Strike
1-1: Ball
2-1: Called Strike
2-2: Strikes out swinging
Batting: RHB Jeremy Trump 0-0: Swinging Strike
0-1: Fly out, F7 (Flyball, 78D, EV 104.4 MPH)
Top of the 9th over - 0 runs, 0 hits, 0 errors, 0 left on base; Houston 1 - Seattle 1
BOTTOM OF THE 9TH
Seattle Mariners batting - Pitching for Houston Astros : RHP Seth Bowersox
Now at 3B: Chris Cabrera
Batting: RHB Bobby Larson 0-0: Called Strike
0-1: Foul Ball, location: 2F
0-2: Ball
1-2: Ball
2-2: Strikes out swinging
Batting: RHB Jose Vasquez 0-0: Ball
1-0: Swinging Strike
1-1: Called Strike
1-2: Foul Ball, location: 2F
1-2: Foul Ball, location: 2F
1-2: Hit by Pitch
Batting: RHB Harutomi Matsubara 0-0: Ball
1-0: Foul Ball, location: 2F
1-1: Called Strike
Jose Vasquez steals 2nd base (no throw)
1-2: Ball
2-2: SINGLE (Groundball, 5S, EV 67.5 MPH) (infield hit)
Jose Vasquez to third
Batting: RHB Jimmy Hammertime 0-0: Called Strike
0-1: Foul Ball, location: 2F
0-2: Foul Ball, location: 2F
0-2: Ball
1-2: Fielders Choice attempt at home, Runner SAFE. 6-2 (Groundball, 6, EV 81.9 MPH)
Bottom of the 9th over - 1 run, 1 hit, 0 errors, 1 left on base; Houston 1 - Seattle 2
Tuesday, September 13th , 2022 - OOTP Baseball 23.7 Build 88